 Dungeon Crawl Stone Soup version 0.24-a0-537-g2d01d4ab0a (webtiles) character file.

Game seed: 4374911491562890823

4781 GordonOverkill the Spear-Bearer (level 10, -2/79 HPs)
             Began as a Merfolk Fire Elementalist on Aug 16, 2019.
             Was a Follower of Sif Muna.
             Slain by a large slime creature (31 damage)
             ... on level 9 of the Dungeon.
             The game lasted 00:31:22 (14394 turns).

GordonOverkill the Spear-Bearer (MfFE)             Turns: 14394, Time: 00:31:23

Health: -2/79      AC:  5    Str:  8    XL:     10   Next: 47%
Magic:  9/21       EV: 13    Int: 18    God:    Sif Muna [*.....]
Gold:   259        SH:  0    Dex: 15    Spells: 16/24 levels left

rFire    . . .     SeeInvis +   E - +2 spear (pierce)
rCold    . . .     Gourm    .   (no shield)
rNeg     . . .     Faith    .   s - +0 robe
rPois    .         Spirit   .   (no helmet)
rElec    .         Reflect  .   a - scarf {cloud immunity}
rCorr    .         Harm     .   r - +1 pair of gloves {archery}
MR       .....                  n - +0 pair of boots
Stlth    ++........             (no amulet)
HPRegen  0.23/turn              o - ring of see invisible
MPRegen  0.17/turn              F - ring of wizardry

@: no status effects
A: change form in water, swift swim, stealthy swim
a: Channel Magic, Renounce Religion


You were on level 9 of the Dungeon.
You worshipped Sif Muna.
Sif Muna was aware of your devotion.
You were not hungry.

You visited 2 branches of the dungeon, and saw 10 of its levels.

You collected 259 gold pieces.

Inventory:

Hand Weapons
 f - a +4 dagger of draining
 w - a +0 dagger of venom
 E - a +2 spear of piercing (weapon)
Missiles
 b - 53 sling bullets
 i - 255 stones
 m - 4 boomerangs (quivered)
 y - a throwing net
Armour
 a - a scarf of cloud immunity (worn)
 n - a +0 pair of boots (worn)
 r - a +1 pair of gloves of archery (worn)
 s - a +0 robe (worn)
Jewellery
 o - a ring of see invisible (left hand)
 q - an uncursed ring of fire
 F - a ring of wizardry (right hand)
Scrolls
 d - 4 scrolls of identify
 g - 2 scrolls of amnesia
 h - 2 scrolls of blinking
 l - 4 scrolls of enchant weapon
 p - 7 scrolls of teleportation
 v - 2 scrolls of immolation
 G - a scroll of fog {unknown}
Potions
 e - 2 potions of heal wounds
 j - 6 potions of might
 k - 4 potions of curing
 t - 2 potions of haste
 u - 2 potions of lignification
 x - a potion of ambrosia {unknown}
 z - a potion of agility {unknown}
 B - 2 potions of flight
 C - a potion of brilliance
 D - a potion of resistance
Comestibles
 c - 11 rations


   Skills:
 - Level 7.0 Fighting
 - Level 10.0 Polearms
 - Level 3.0 Dodging
 - Level 3.0 Stealth
 + Level 7.9 Spellcasting
 - Level 5.0 Conjurations
 - Level 3.0 Fire Magic
 - Level 4.1 Invocations


You had 16 spell levels left.
You knew the following spells:

 Your Spells              Type           Power        Failure   Level  Hunger
a - Flame Tongue          Conj/Fire      ###..        1%          1    None
b - Conjure Flame         Conj/Fire      ###.....     2%          3    #......
c - Sticky Flame          Conj/Fire      ###.....     8%          4    ###....

Your spell library contained the following spells:

 Spells                   Type           Power        Failure   Level  Hunger
 Magic Dart               Conj           ####         1%          1    None
 Throw Flame              Conj/Fire      ###...       1%          2    None
 Animate Skeleton         Necr           N/A          4%          1    None
 Pain                     Necr           #...         4%          1    None
 Summon Butterflies       Summ           #.......     4%          1    None
 Blink                    Tloc           N/A          6%          2    None
 Call Imp                 Summ           #.......     6%          2    None
 Slow                     Hex            #.......     6%          2    None
 Inner Flame              Hex/Fire       ##......     6%          3    #......
 Mephitic Cloud           Conj/Pois/Air  ##......     6%          3    #......
 Call Canine Familiar     Summ           #.......     12%         3    #......
 Regeneration             Chrm/Necr      #.........   12%         3    #......
 Vampiric Draining        Necr           #.........   12%         3    #......
 Fireball                 Conj/Fire      ###.......   21%         5    #####..
 Animate Dead             Necr           N/A          36%         4    ###....
 Summon Ice Beast         Ice/Summ       #.......     36%         4    ###....
 Summon Mana Viper        Hex/Summ       #.......     69%         5    #####..
 Summon Hydra             Summ           #.........   100%        7    #######


Dungeon Overview and Level Annotations

Branches:
Dungeon (9/15)             Temple (1/1) D:6
   Lair: D:8-11         Orc: D:9-12

Altars:
Ashenzari
Elyvilon
Fedhas
Gozag
Hepliaklqana
Kikubaaqudgha
Makhleb
Nemelex Xobeh
Ru
Sif Muna
Trog
Uskayaw
Wu Jian
Xom
Yredelemnul
Zin
The Shining One

Shops:
D:6 }

Annotations:
D:5 3 runed translucent doors, Thantalas's ghost, novice GrFi
D:6 3 runed translucent doors, demivan's ghost, novice MiFi


Message History

The large slime creature is heavily wounded.
The large slime creature burns!
The large slime creature is engulfed in blazing flames.
The large slime creature hits you!!
Casting: Flame Tongue (safe; 1% risk of failure)
Confirm with . or Enter, or press ? or * to list all spells.
Aiming: Flame Tongue (safe; 1% risk of failure)
Press: ? - help, Shift-Dir - straight line, f/p - large slime creature
Aim: a large slime creature (flame, severely wounded, covered in liquid flames)
The flame tongue hits the large slime creature!
The large slime creature is severely wounded.
The large slime creature burns!
The large slime creature is engulfed in blazing flames.
The large slime creature hits you!!
* * * LOW HITPOINT WARNING * * *
The large slime creature burns!
The large slime creature is engulfed in blazing flames.
The large slime creature burns!
The large slime creature stops burning.
You feel much better. The large slime creature hits you!!
You die...

#..# #.......# ...#
#.<# #..###..# ..J#
#..# #..# #..# .J.#
#..# #..# #..# ...#
#..# #..# #..# .JJ#
#..# #J.# #).# ...#
#(.# #..# #..# J..#
#..# #..# #..# ..J#
#)@# #..# #..# ...#
#.J# #..###..# ...#
#..###.......##....
#....).............
###################


You could see a large slime creature.

Vanquished Creatures
  A two-headed ogre (D:8)
  Grinder (D:5)
  A slime creature (D:9)
  3 orc warriors
  4 sky beasts
  2 black bears (D:8)
  2 ice beasts
  3 phantoms
  3 centaurs
  4 ogres
  2 bullfrogs (D:6)
  2 scorpions (D:6)
  7 killer bees
  7 howler monkeys
  3 crimson imps
  A bullfrog zombie (D:6)
  2 quasits
  2 bullfrog skeletons
  2 orc priests
  2 hounds (D:7)
  2 jellies
  7 orc wizards
  An iguana (D:5)
  An iron imp (D:3)
  Natasha (twice) (D:4)
  4 worker ants
  3 hound skeletons
  4 gnolls (D:6)
  7 adders
  2 shadow imps
  2 oozes
  2 adder skeletons
  4 worms (D:2)
  3 dart slugs
  2 leopard geckos
  31 orcs
  A ball python (D:4)
  9 giant cockroaches
  6 goblins
  11 hobgoblins
  10 jackals
  9 kobolds
  2 quokkas
  17 bats
  7 frilled lizards
  A quokka zombie (D:6)
  8 rats
212 creatures vanquished.

Notes
Turn   | Place    | Note
-------+----------+-------------------------------------------
     0 | D:1      | GordonOverkill the Merfolk Fire Elementalist began the
                  | quest for the Orb.
     0 | D:1      | Reached XP level 1. HP: 13/13 MP: 3/3
   332 | D:1      | Reached skill level 1 in Conjurations
   332 | D:1      | Reached XP level 2. HP: 19/19 MP: 1/5
  1002 | D:1      | Reached XP level 3. HP: 24/24 MP: 4/6
  1347 | D:1      | Learned a level 3 spell: Conjure Flame
  1874 | D:2      | Noticed a phantom
  2378 | D:2      | Reached XP level 4. HP: 30/30 MP: 2/7
  2741 | D:2      | Learned a level 4 spell: Sticky Flame
  3649 | D:2      | Killed a phantom
  3649 | D:2      | Reached XP level 5. HP: 24/35 MP: 3/9
  3888 | D:3      | Reached XP level 6. HP: 15/41 MP: 1/11
  4233 | D:3      | Found a burning altar of Makhleb.
  4306 | D:3      | HP: 2/41 [iron imp (9)]
  5946 | D:4      | Noticed Natasha
  5957 | D:4      | Killed Natasha
  6206 | D:4      | Noticed Natasha
  6213 | D:4      | Killed Natasha
  6213 | D:4      | Reached XP level 7. HP: 41/46 MP: 7/13
  6595 | D:5      | Entered Level 5 of the Dungeon
  6940 | D:5      | Found a runed translucent gate.
  6940 | D:5      | Identified the +3 short sword of Exquisite Torment {drain,
                  | +Rage rN+ MR+}
  6941 | D:5      | Noticed Thantalas's ghost (novice GrFi)
  6942 | D:5      | Found a runed translucent gate.
  6943 | D:5      | Found a runed translucent gate.
  7001 | D:5      | Reached skill level 1 in Polearms
  7063 | D:5      | Reached skill level 1 in Fighting
  7301 | D:5      | Noticed Grinder
  7310 | D:5      | Paralysed by Grinder for 2 turns
  7328 | D:5      | Paralysed by Grinder for 3 turns
  7336 | D:5      | Reached skill level 2 in Polearms
  7343 | D:5      | Paralysed by Grinder for 4 turns
  7350 | D:5      | Killed Grinder
  7350 | D:5      | Reached skill level 3 in Polearms
  7350 | D:5      | Reached XP level 8. HP: 28/57 MP: 0/14
  7583 | D:5      | Reached skill level 4 in Polearms
  8094 | D:6      | Reached skill level 5 in Conjurations
  8303 | D:6      | Reached skill level 5 in Polearms
  8820 | D:6      | Found a staircase to the Ecumenical Temple.
  8882 | Temple   | Entered the Ecumenical Temple
  9351 | Temple   | Became a worshipper of Sif Muna the Loreminder
  9397 | D:6      | Reached skill level 6 in Polearms
  9406 | D:6      | Reached skill level 5 in Spellcasting
  9576 | D:6      | Reached skill level 1 in Invocations
  9712 | D:6      | Found Zoadukeu's Gadget Shoppe.
  9805 | D:6      | Found a runed translucent gate.
  9807 | D:6      | Found a runed translucent gate.
  9808 | D:6      | Found a runed translucent gate.
  9810 | D:6      | Noticed demivan's ghost (novice MiFi)
 10144 | D:7      | Reached XP level 9. HP: 61/66 MP: 7/17
 10688 | D:7      | Reached skill level 7 in Polearms
 10716 | D:6      | Reached skill level 5 in Fighting
 11598 | D:7      | Reached skill level 8 in Polearms
 11742 | D:7      | Reached * piety under Sif Muna
 12221 | D:7      | Found a sacrificial altar of Ru.
 12323 | D:7      | Found an ancient bone altar of Kikubaaqudgha.
 12561 | D:8      | Noticed a two-headed ogre
 12665 | D:7      | Reached skill level 9 in Polearms
 13249 | D:8      | Reached XP level 10. HP: 76/76 MP: 12/20
 13376 | D:8      | Killed a two-headed ogre
 13936 | D:8      | Reached skill level 10 in Polearms
 14394 | D:9      | Slain by a large slime creature

Levels and vault maps discovered:
D:1:      dpeg_arrival_simpleton_b, layout_basic, minmay_hedge_maze,
          hangedman_feature_mirror, minivault_19
D:2:      layout_rooms, first_ration
D:3:      layout_basic, demons_altar
D:4:      layout_loops_cross, uniq_natasha
D:5:      layout_loops_corners, gammafunk_ghost_nasty_kobolds, uniq_grinder
D:6:      layout_loops_ring, temple_pool_b, serial_shops, shop_fountains,
          gammafunk_ghost_necromancy
D:7:      layout_rooms, lemuel_round_altar, kennysheep_mini_moat
D:8:      layout_basic, grunt_ogre_cave
D:9:      layout_long_grid, grunt_temple_overflow_open, kennysheep_minor_cross,
          grunt_dithmenos_smoke_and_mirrors
Temple:   eino_temple_water

Skill      XL: |  1  2  3  4  5  6  7  8  9 10 |
---------------+-------------------------------+-----
Conjurations   | 1 2 3 4 5 |  5.0
Dodging        | 3 |  3.0
Stealth        | 3 |  3.0
Spellcasting   | 3 4 5 6 7 |  7.9
Fire Magic     | 3 |  3.0
Polearms       | 3 6 9 10 | 10.0
Fighting       | 2 4 6 7 |  7.0
Invocations    | 1 4 |  4.1

Action                   |  1- 3 |  4- 6 |  7- 9 | 10-12 || total
-------------------------+-------+-------+-------+-------++-------
Melee: Unarmed           |    15 |       |       |       ||    15
       Dagger            |    14 |    45 |    86 |       ||   145
       Spear             |       |       |    56 |    22 ||    78
       Staff             |       |       |    29 |       ||    29
Throw: Stone             |     5 |    25 |       |       ||    30
       Boomerang         |       |    10 |    48 |    13 ||    71
 Cast: Flame Tongue      |    84 |   133 |   184 |    48 ||   449
       Sticky Flame      |       |     2 |    40 |    12 ||    54
       Conjure Flame     |       |       |     5 |     7 ||    12
  Use: Scroll            |       |       |    19 |       ||    19
       Potion            |       |       |       |     1 ||     1
 Stab: Sleeping          |       |       |     1 |       ||     1
  Eat: Chunk             |     5 |    10 |    19 |     6 ||    40
       Ration            |       |     1 |     3 |       ||     4
Armor: Robe              |    14 |    20 |    85 |     7 ||   126
Dodge: Dodged            |    50 |    75 |   200 |    24 ||   349

Table legend:
 A = Non-vault XP
 B = Vault XP
 C = Vault XP percentage of total XP
 D = Non-vault monster count
 E = Vault monster count
 F = Vault count percentage of total count
                 A         B        C        D         E       F
            +---------+---------+-------+---------+---------+-------
      Total |    6351 |     480 |   7.0 |     206 |       6 |   2.8
            +---------+---------+-------+---------+---------+-------
        D:1 |      45 |       4 |   8.2 |      27 |       2 |   6.9
        D:2 |     218 |       0 |   0.0 |      26 |       0 |   0.0
        D:3 |      88 |      39 |  30.7 |      27 |       1 |   3.6
        D:4 |     283 |      35 |  11.0 |      19 |       1 |   5.0
        D:5 |     452 |     281 |  38.3 |      16 |       1 |   5.9
        D:6 |    1433 |       0 |   0.0 |      32 |       0 |   0.0
        D:7 |    1428 |       0 |   0.0 |      26 |       0 |   0.0
        D:8 |    1843 |     121 |   6.2 |      24 |       1 |   4.0
        D:9 |     561 |       0 |   0.0 |       9 |       0 |   0.0
            +---------+---------+-------+---------+---------+-------
